 Dungeon Crawl Stone Soup version 0.27-a0-1579-g97d2440184 (webtiles) character file.

Game seed: 7942326922004872116

83 Zonian the Conjurer (level 4, -4/22 HPs)
             Began as a Vine Stalker Conjurer on July 17, 2021.
             Slain by an iguana (13 damage)
             ... on level 4 of the Dungeon.
             The game lasted 00:03:07 (3329 turns).

Zonian the Conjurer (Vine Stalker Conjurer)         Turns: 3329, Time: 00:03:07

Health: -4/22      AC:  2    Str:  9    XL:     4   Next: 44%
Magic:  0/9        EV: 12    Int: 18    God:
Gold:   57         SH:  0    Dex: 14    Spells: 5/8 levels left

rFire    . . .     SeeInvis .   e - +0 dagger
rCold    . . .     Faith    .   (no shield)
rNeg     . . .     Spirit   +   a - +0 robe
rPois    .         Reflect  .   (no helmet)
rElec    .         Harm     .   (no cloak)
rCorr    .         Rampage  .   (no gloves)
Will     .....                  (no boots)
Stlth    ++........             (no amulet)
HPRegen  1.07/turn              (no ring)
MPRegen  0.11/turn              (no ring)

@: about to teleport
A: fangs 2, regeneration 1, magic shield, antimagic bite, no potion heal 2
a: no special abilities


You were on level 4 of the Dungeon.
You visited 1 branch of the dungeon, and saw 3 of its levels.

You collected 57 gold pieces.

Inventory:

Hand Weapons
 d - a +0 short sword
 e - a +0 dagger (weapon)
Armour
 a - a +0 robe (worn)
Scrolls
 b - a scroll of identify
Potions
 f - a potion of resistance {unknown}


   Skills:
 + Level 1.5 Fighting
 + Level 0.0 Short Blades
 - Level 1.5 Dodging
 + Level 3.5 Stealth
 - Level 2.9 Spellcasting
 - Level 4.5 Conjurations


You had 5 spell levels left.
You knew the following spells:

 Your Spells              Type           Power      Damage    Failure   Level
a - Magic Dart            Conj           76%        1d6       2%          1
b - Searing Ray           Conj           38%        3d4       3%          2

Your spell library contained the following spells:

 Spells                   Type           Power      Damage    Failure   Level
 Dazzling Flash           Conj/Hex       20%        N/A       19%         3
 Fulminant Prism          Conj/Hex       5%         3d7       54%         4
 Iskenderun's Mystic Bla  Conj/Tloc      10%        2d4       54%         4
 Iskenderun's Battlesphe  Conj           19%        2d7       56%         5
 Fireball                 Conj/Fire      5%         3d5       87%         5
 Conjure Ball Lightning   Conj/Air       5%         3x3d6     100%        6
 Orb of Destruction       Conj           9%         9d4       100%        7


Dungeon Overview and Level Annotations

Branches:
Dungeon (2/15)

Altars:


Innate Abilities, Weirdness & Mutations

You have extremely sharp teeth.
Your natural rate of healing is unusually fast.
When hurt, damage is shared between your health and your magic reserves.
Your bite disrupts and absorbs the magic of your enemies.
Potions cannot restore your health.


Message History

Unknown command.
The helpless quokka fails to defend itself.
You puncture the quokka!
You kill the quokka!
Unknown command.
An iguana comes into view.
An iguana is nearby!
Unknown command.
Found a stone staircase leading up.
The iguana bites you.
You hit the iguana but do no damage. The iguana bites you!
You hit the iguana. You bite the iguana. You drain its power.
You feel invigorated.
The iguana is moderately wounded.
The iguana bites you.
Unknown command.
Casting: Magic Dart (safe; 2% risk of failure)
Confirm with . or Enter, or press ? or * to list all spells.
Aiming: Magic Dart (safe; 2% risk of failure)
Press: ? - help, Shift-Dir - straight line, f - iguana
Aim: an iguana (moderately wounded, 100% to hit)
The magic dart hits the iguana but does no damage.
The iguana is moderately wounded.
The iguana bites you.
Unknown command.
Casting: Magic Dart (safe; 2% risk of failure)
Confirm with . or Enter, or press ? or * to list all spells.
Aiming: Magic Dart (safe; 2% risk of failure)
Press: ? - help, Shift-Dir - straight line, f/p - iguana
Aim: an iguana (lightly wounded, 100% to hit)
The magic dart hits the iguana but does no damage.
The iguana is lightly wounded.
The iguana bites you.
Unknown command.
You aren't carrying any items that you can evoke.
Unknown command.
As you read the scroll of teleportation, it crumbles to dust.
You feel strangely unstable. The iguana bites you!
Ouch! That really hurt!
You die...

#.##..#.###.# ##.#######...##...
#.##..#.###.# #...#.........# #
#...........# #............## #
####.######## #...#.###.#.## #
#.....# ##########.##....# #
#.....# #.......##.##....# #
#.....# #<......##.##....######
#.....# #.......##.............
#.....# #....l@.....##.#.......
####.## #.......###.##.#.......
#.# #.......# #....#.###### #.#
########### #..###.# #
####.###.......# #..###.# #
#......#.......# #......######
#.##.#.#.......## ##.#.......##
#.##.........(..#####.#.#####.##
#.####.#..............#.##......


You could see an iguana.

Vanquished Creatures
  4 adders
  3 dart slugs (D:1)
  4 endoplasms (D:1)
  A giant cockroach (D:1)
  4 hobgoblins
  2 kobolds (D:1)
  2 quokkas
  4 ball pythons
  5 bats
  4 frilled lizards
  3 goblins
  8 rats
44 creatures vanquished.

Notes
Turn   | Place    | Note
-------+----------+-------------------------------------------
     0 | D:1      | Zonian the Vine Stalker Conjurer began the quest for the
                  | Orb.
     0 | D:1      | Reached XP level 1. HP: 9/9 MP: 4/4
   240 | D:1      | Reached XP level 2. HP: 14/14 MP: 3/6
   247 | D:1      | Learned a level 2 spell: Searing Ray
  1086 | D:1      | Reached XP level 3. HP: 17/17 MP: 5/7
  1203 | D:1      | Reached skill level 1 in Fighting
  2694 | D:2      | You fall into a shaft and drop 2 floors!
  2733 | D:4      | Gained mutation: Your natural rate of healing is unusually
                  | fast. [Vine Stalker growth]
  2733 | D:4      | Reached XP level 4. HP: 22/22 MP: 4/9
  3329 | D:4      | Slain by an iguana

Illustrated notes

Levels and vault maps discovered:
D:1:      ebering_trefoil_3fold, layout_rooms, minmay_misc_feat_five,
          st_stairs_12
D:2:      layout_basic, serial_park_tiny_2
D:4:      layout_loops_cross, mainiacjoe_overflow_paths

Skill      XL: |  1  2  3 |
---------------+----------+-----
Stealth        | 3 |  3.5
Fighting       | 1 |  1.5
Dodging        | |  1.5
Spellcasting   | |  2.9
Conjurations   | |  4.5

Action                   |  1- 3 |  4- 6 || total
-------------------------+-------+-------++-------
Melee: Short sword       |    13 |     9 ||    22
       Bite              |     3 |     4 ||     7
       Dagger            |       |     3 ||     3
 Cast: Magic Dart        |    72 |    10 ||    82
  Use: Scroll            |     1 |     1 ||     2
 Stab: Sleeping          |     1 |     2 ||     3
Armor: Robe              |     1 |     2 ||     3
Dodge: Dodged            |    11 |    10 ||    21

Table legend: (Time is in decaauts)
 A = Elapsed time spent in this place.
 B = Non-inter-level travel time spent in this place.
 C = Inter-level travel time spent in this place.
 D = Time resting spent in this place.
 E = Time spent auto-exploring this place.
 F = Levels seen in this place.
 G = Mean time per level.
                   A        B        C        D        E       F      G
               +--------+--------+--------+--------+--------+-----+--------+
         Total |   3329 |   3282 |     47 |   2240 |    818 |   3 | 1109.7 |
       Dungeon |   3329 |   3282 |     47 |   2240 |    818 |   3 | 1109.7 |
               +--------+--------+--------+--------+--------+-----+--------+

Top non-repeatable levels by time:
     D:1: 2313 daAuts
     D:4: 635 daAuts
     D:2: 380 daAuts
